Winnipeg Jets vs Nashville Predators

Created - jeudi 11 octobre 2018 at 19:00

Goals
1 2 3 T
Winnipeg Jets 2 3 0 5
Nashville Predators 0 1 0 1
Shots
1 2 3 T
Winnipeg Jets 7 14 2 23
Nashville Predators 8 15 3 26

1st period

1. Winnipeg Jets , Jack Eichel 3 (Marc Methot 1) at 7:41
2. Winnipeg Jets , Jack Eichel 4 (Blake Wheeler 3) at 18:46

Penalties :
Mathieu Perreault (WPG) for Holding (Minor) at 9:02, Colton Sissons (NSH) for Hooking (Minor) at 11:16

2nd period

3. Winnipeg Jets , Kyle Turris 1 (Phillip Danault 2, Shayne Gostisbehere 2) at 12:41
4. Winnipeg Jets , Mathieu Perreault 1 (Ben Chiarot 1) at 16:04
5. Nashville Predators , Filip Forsberg 3 (Ryan Johansen 3) at 18:05
6. Winnipeg Jets , Phillip Danault 2 (Kyle Turris 2, Blake Wheeler 4) at 19:38

Penalties :
No Penalty

3rd period

No Goal

Penalties :
No Penalty

Goalie Stats

Connor Hellebuyck (WPG), 25 saves from 26 shots - (0.962), W, 1-2-1, 60:00 minutes
Juuse Saros (NSH), 4 saves from 5 shots - (0.800), 23:56 minutes
Pekka Rinne (NSH), 14 saves from 18 shots - (0.778), L, 0-3-1, 36:04 minutes

Players Stats for Winnipeg Jets

Player Name              G  A  P  +/- PIM S  H  SB GA TA FO     MP     PP MP  PK MP  
------------------------------------------------------------------------------------
Adam Lowry               0  0  0   0  0   2  3  0  1  0  4/6    11:12   0:00   0:58 
Andrew Copp              0  0  0   0  0   0  0  0  0  0  0/0    11:27   0:12   0:58 
Ben Chiarot              0  1  1   2  0   0  4  1  0  0  0/0    18:59   0:00   0:00 
Blake Wheeler            0  2  2   1  0   1  0  0  1  0  0/3    18:24   1:01   0:28 
Dustin Byfuglien         0  0  0   0  0   1  1  0  1  1  0/0    21:00   1:06   0:49 
Evander Kane             0  0  0   1  0   2  2  0  3  0  0/0    18:18   0:53   0:28 
Jack Eichel              2  0  2   1  0   4  5  1  0  0  5/14   18:36   1:01   0:33 
Jack Roslovic            0  0  0   0  0   1  0  0  0  0  0/0     9:55   0:00   0:00 
Jacob Trouba             0  0  0   1  0   0  1  0  0  0  0/0    21:04   0:53   0:49 
Josh Morrissey           0  0  0   1  0   0  3  3  0  0  0/0    17:37   0:53   1:10 
Kyle Turris              1  1  2   2  0   3  1  0  1  0  5/10   16:07   0:53   0:00 
Marc Methot              0  1  1   3  0   0  3  2  0  0  0/0    15:34   0:00   1:10 
Martin Frk               0  0  0   2  0   0  3  1  0  0  0/0    15:07   0:05   0:00 
Mathieu Perreault        1  0  1   1  2   2  3  0  0  0  6/11   15:05   0:00   0:00 
Nikolaj Ehlers           0  0  0   1  0   0  0  0  0  0  0/0    15:59   0:53   0:00 
Patrik Laine             0  0  0   1  0   2  4  1  1  0  1/1    16:02   0:59   0:00 
Phillip Danault          1  1  2   2  0   3  2  0  0  2  0/0    15:26   0:00   0:33 
Shayne Gostisbehere      0  1  1   1  0   2  0  1  1  0  0/0    22:08   1:06   0:00 

Players Stats for Nashville Predators

Player Name              G  A  P  +/- PIM S  H  SB GA TA FO     MP     PP MP  PK MP  
------------------------------------------------------------------------------------
Austin Watson            0  0  0   0  0   0  5  0  1  0  0/0    12:36   0:03   0:56 
Calle Jarnkrok           0  0  0  -3  0   3  0  0  0  0  0/0    16:24   0:56   0:45 
Cam Atkinson             0  0  0   0  0   5  1  0  0  0  1/1    17:05   1:03   0:00 
Colin Wilson             0  0  0  -1  0   1  1  0  0  2  0/0    15:16   0:00   0:35 
Colton Sissons           0  0  0  -1  2   0  3  0  1  1  3/10   14:40   0:00   0:00 
Craig Smith              0  0  0   0  0   3  0  0  0  0  0/0    11:14   0:00   0:00 
Filip Forsberg           1  0  1   0  0   3  1  1  0  0  0/1    17:04   1:00   0:14 
Joe Thornton             0  0  0  -3  0   1  1  0  0  2  5/10   16:13   0:56   0:41 
Kevin Fiala              0  0  0  -3  0   1  2  0  0  0  0/0    15:24   0:56   0:00 
Kyle Quincey             0  0  0   0  0   1  4  0  0  0  0/0    16:59   0:00   1:04 
Matt Irwin               0  0  0  -2  0   0  3  0  0  1  0/0    20:44   0:52   0:00 
Mattias Ekholm           0  0  0  -2  0   1  2  2  0  2  0/0    20:44   1:07   0:55 
Mike Fisher              0  0  0   0  0   0  4  0  0  1  7/8    11:55   0:00   0:47 
Roman Josi               0  0  0  -2  0   2  1  3  0  0  0/0    22:19   1:07   1:04 
Ryan Johansen            0  1  1   0  0   3  2  0  1  0  8/15   17:00   1:03   0:00 
Scott Hartnell           0  0  0  -1  0   2  6  1  0  0  0/0    14:37   0:00   0:00 
Shea Weber               0  0  0  -2  0   0  1  3  0  0  0/0    21:35   0:52   0:55 
Yannick Weber            0  0  0   0  0   0  1  1  0  0  0/0    16:11   0:00   0:00 

3 Stars

1 - Jack Eichel (WPG)
2 - Phillip Danault (WPG)
3 - Kyle Turris (WPG)

Power Play

Winnipeg Jets - 0 on 1 Attempt(s) - 0.00%
Nashville Predators - 0 on 1 Attempt(s) - 0.00%

Penalty Kill

Winnipeg Jets - 1 on 1 Attempt(s) - 100.00% - Score 0 goal in Penalty Kill
Nashville Predators - 1 on 1 Attempt(s) - 100.00% - Score 0 goal in Penalty Kill

Team Stat

Winnipeg Jets - Hits : 35 - Faceoff Wins : 21 - Blocked Shots : 10 - Penalty Minutes : 2
Nashville Predators - Hits : 38 - Faceoff Wins : 24 - Blocked Shots : 11 - Penalty Minutes : 2

Official

Referees : Brad Watson and Graham Skilliter
Linesman : Devin Berg and Mark Wheler

Game Notes

Juuse Saros enters game at 16:04 of 2nd period

Finance

Level 1 -- Attendance: 10000 (100.00%) -- Ticket Income fr. 800'000
Level 2 -- Attendance: 2000 (100.00%) -- Ticket Income fr. 130'000
Level 3 -- Attendance: 2734 (78.11%) -- Ticket Income fr. 95'690
Level 4 -- Attendance: 1450 (100.00%) -- Ticket Income fr. 29'000
Luxury Box -- Attendance: 48 (96.00%) -- Ticket Income fr. 9'600
Game was played at the Bridgestone Arena.
Total Attendance: 16232 (95.48%)
Total Ticket Income: fr. 1'064'290
Total Income: fr. 1'064'290

Winnipeg Jets

5 vs 5 Forward 
   Center                   Left Wing                Right Wing               Time % Phy DF OF 
 1 Jack Eichel              Evander Kane             Blake Wheeler            30     1   2  2  
 2 Mathieu Perreault        Nikolaj Ehlers           Patrik Laine             28     1   2  2  
 3 Kyle Turris              Phillip Danault          Martin Frk               26     1   2  2  
 4 Adam Lowry               Andrew Copp              Jack Roslovic            16     1   2  2  

5 vs 5 Defense 
   Defense                  Defense                                           Time % Phy DF OF 
 1 Dustin Byfuglien         Jacob Trouba                                      33     1   2  2  
 2 Josh Morrissey           Shayne Gostisbehere                               30     1   2  2  
 3 Marc Methot              Ben Chiarot                                       25     1   2  2  
 4 Ben Chiarot              Shayne Gostisbehere                               12     1   2  2  

PowerPlay Forward 
   Center                   Left Wing                Right Wing               Time % Phy DF OF 
 1 Jack Eichel              Patrik Laine             Blake Wheeler            52     1   2  2  
 2 Kyle Turris              Evander Kane             Nikolaj Ehlers           48     1   2  2  

PowerPlay Defense
   Defense                  Defense                                           Time % Phy DF OF 
 1 Dustin Byfuglien         Shayne Gostisbehere                               50     1   2  2  
 2 Josh Morrissey           Jacob Trouba                                      50     1   2  2  

Penalty Kill 4 Players Forward 
   Center                   Wing                     Time % Phy DF OF 
 1 Adam Lowry               Andrew Copp              60     1   2  2  
 2 Jack Eichel              Phillip Danault          40     1   2  2  

Penalty Kill 4 Players Defense
   Defense                  Defense                  Time % Phy DF OF 
 1 Dustin Byfuglien         Jacob Trouba             50     1   2  2  
 2 Josh Morrissey           Marc Methot              50     1   2  2  

Penalty Kill - 3 Players Forward 
   Forward                                           Time % Phy DF OF 
 1 Andrew Copp                                       50     1   2  2  
 2 Adam Lowry                                        50     1   2  2  

Penalty Kill - 3 Players Defense
   Defense                  Defense                  Time % Phy DF OF 
 1 Jacob Trouba             Josh Morrissey           50     1   2  2  
 2 Dustin Byfuglien         Marc Methot              50     1   2  2  

4 vs 4 Forward 
   Center                   Wing                     Time % Phy DF OF 
 1 Phillip Danault          Andrew Copp              50     1   2  2  
 2 Adam Lowry               Mathieu Perreault        50     1   2  2  

4 vs 4 Defense
   Defense                  Defense                  Time % Phy DF OF 
 1 Josh Morrissey           Jacob Trouba             55     1   2  2  
 2 Dustin Byfuglien         Shayne Gostisbehere      45     1   2  2  

Last Minutes Offensive
   Center                   Left Wing                Right Wing               Defense                  Defense                  
   Jack Eichel              Patrik Laine             Blake Wheeler            Dustin Byfuglien         Jacob Trouba             

Last Minutes Defensive
   Center                   Left Wing                Right Wing               Defense                  Defense                  
   Adam Lowry               Andrew Copp              Phillip Danault          Dustin Byfuglien         Jacob Trouba             

Goaltenders
Starting : Connor Hellebuyck        
Backup : Michael Hutchinson       

Extra Forwards
Normal : Jack Roslovic, Phillip Danault, Nikolaj Ehlers - PP : Andrew Copp, Martin Frk - PK : Blake Wheeler
Extra Defensemen
Normal : Marc Methot, Josh Morrissey, Jacob Trouba - PP : Ben Chiarot - PK : Shayne Gostisbehere, Ben Chiarot
Penalty Shots
Nikolaj Ehlers, Blake Wheeler, Jack Eichel, Patrik Laine, Evander Kane
Custom OT Lines Forwards
Blake Wheeler, Jack Eichel, Nikolaj Ehlers, Patrik Laine, Evander Kane, Kyle Turris, Mathieu Perreault, Phillip Danault, Adam Lowry, 
Custom OT Lines Defensemen
Dustin Byfuglien, Jacob Trouba, Marc Methot, Shayne Gostisbehere, Josh Morrissey

Scratches
Dennis Seidenberg (Healthy)

Nashville Predators

5 vs 5 Forward 
   Center                   Left Wing                Right Wing               Time % Phy DF OF 
 1 Ryan Johansen            Filip Forsberg           Cam Atkinson             28     0   1  4  
 2 Joe Thornton             Calle Jarnkrok           Kevin Fiala              27     0   1  4  
 3 Colton Sissons           Scott Hartnell           Colin Wilson             25     1   2  2  
 4 Mike Fisher              Austin Watson            Craig Smith              20     2   2  1  

5 vs 5 Defense 
   Defense                  Defense                                           Time % Phy DF OF 
 1 Matt Irwin               Roman Josi                                        34     1   2  2  
 2 Shea Weber               Mattias Ekholm                                    34     1   2  2  
 3 Yannick Weber            Kyle Quincey                                      27     1   2  2  
 4 Shea Weber               Roman Josi                                        5      1   2  2  

PowerPlay Forward 
   Center                   Left Wing                Right Wing               Time % Phy DF OF 
 1 Ryan Johansen            Filip Forsberg           Cam Atkinson             50     0   0  5  
 2 Joe Thornton             Kevin Fiala              Calle Jarnkrok           50     0   0  5  

PowerPlay Defense
   Defense                  Defense                                           Time % Phy DF OF 
 1 Mattias Ekholm           Roman Josi                                        50     0   1  4  
 2 Shea Weber               Matt Irwin                                        50     0   1  4  

Penalty Kill 4 Players Forward 
   Center                   Wing                     Time % Phy DF OF 
 1 Colton Sissons           Austin Watson            50     1   4  0  
 2 Mike Fisher              Calle Jarnkrok           50     1   4  0  

Penalty Kill 4 Players Defense
   Defense                  Defense                  Time % Phy DF OF 
 1 Kyle Quincey             Roman Josi               50     0   5  0  
 2 Shea Weber               Mattias Ekholm           50     0   5  0  

Penalty Kill - 3 Players Forward 
   Forward                                           Time % Phy DF OF 
 1 Mike Fisher                                       50     0   5  0  
 2 Colton Sissons                                    50     0   5  0  

Penalty Kill - 3 Players Defense
   Defense                  Defense                  Time % Phy DF OF 
 1 Kyle Quincey             Roman Josi               50     0   5  0  
 2 Shea Weber               Mattias Ekholm           50     0   5  0  

4 vs 4 Forward 
   Center                   Wing                     Time % Phy DF OF 
 1 Ryan Johansen            Filip Forsberg           50     1   4  0  
 2 Joe Thornton             Kevin Fiala              50     1   4  0  

4 vs 4 Defense
   Defense                  Defense                  Time % Phy DF OF 
 1 Mattias Ekholm           Roman Josi               50     0   5  0  
 2 Shea Weber               Matt Irwin               50     0   5  0  

Last Minutes Offensive
   Center                   Left Wing                Right Wing               Defense                  Defense                  
   Joe Thornton             Filip Forsberg           Cam Atkinson             Shea Weber               Roman Josi               

Last Minutes Defensive
   Center                   Left Wing                Right Wing               Defense                  Defense                  
   Mike Fisher              Colton Sissons           Austin Watson            Mattias Ekholm           Roman Josi               

Goaltenders
Starting : Pekka Rinne              
Backup : Juuse Saros              

Extra Forwards
Normal : Filip Forsberg, Mike Fisher, Craig Smith - PP : Joe Thornton, Calle Jarnkrok - PK : Mike Fisher
Extra Defensemen
Normal : Kyle Quincey, Shea Weber, Mattias Ekholm - PP : Roman Josi - PK : Roman Josi, Shea Weber
Penalty Shots
Cam Atkinson, Filip Forsberg, Kevin Fiala, Craig Smith, Joe Thornton
Custom OT Lines Forwards
Ryan Johansen, Filip Forsberg, Joe Thornton, Kevin Fiala, Mike Fisher, Calle Jarnkrok, Colton Sissons, Craig Smith, Austin Watson, Scott Hartnell
Custom OT Lines Defensemen
Roman Josi, Mattias Ekholm, Shea Weber, Matt Irwin, Kyle Quincey

Scratches
Anthony Bitetto (Healthy), Gabriel Bourque (Healthy), Pontus Aberg (Healthy)

% Time on Ice - Winnipeg Jets

Lines # - Real PCT - Wanted PCT - Time Play
Normal Forward
1 - 31% - 30% - 17:12
2 - 28% - 28% - 15:39
3 - 25% - 26% - 13:57
4 - 16% - 16% - 9:14
Normal Defense
1 - 36% - 33% - 20:06
2 - 28% - 30% - 15:43
3 - 22% - 25% - 12:30
4 - 14% - 12% - 7:43
PP Forward
1 - 55% - 52% - 1:06
2 - 45% - 48% - 0:53
PP Defense
1 - 55% - 50% - 1:06
2 - 45% - 50% - 0:53
PK Forward
1 - 72% - 60% - 1:26
2 - 28% - 40% - 0:33
PK Defense
1 - 41% - 50% - 0:49
2 - 59% - 50% - 1:10
PK3 Forward
1 - 0% - 50%
2 - 0% - 50%
PK3 Defense
1 - 0% - 50%
2 - 0% - 50%
44 Forward
1 - 0% - 50%
2 - 0% - 50%
44 Defense
1 - 0% - 55%
2 - 0% - 45%
Last Minute Offensive  - 0:00
Last Minute Defensive  - 0:00
Total
Forward - 60:00
Defense - 60:00

% Time on Ice - Nashville Predators

Lines # - Real PCT - Wanted PCT - Time Play
Normal Forward
1 - 28% - 28% - 15:54
2 - 26% - 27% - 14:33
3 - 27% - 25% - 14:54
4 - 19% - 20% - 10:41
Normal Defense
1 - 33% - 34% - 18:32
2 - 35% - 34% - 19:25
3 - 29% - 27% - 16:09
4 - 3% - 5% - 1:56
PP Forward
1 - 53% - 50% - 1:03
2 - 47% - 50% - 0:56
PP Defense
1 - 56% - 50% - 1:07
2 - 44% - 50% - 0:52
PK Forward
1 - 74% - 50% - 1:28
2 - 26% - 50% - 0:31
PK Defense
1 - 54% - 50% - 1:04
2 - 46% - 50% - 0:55
PK3 Forward
1 - 0% - 50%
2 - 0% - 50%
PK3 Defense
1 - 0% - 50%
2 - 0% - 50%
44 Forward
1 - 0% - 50%
2 - 0% - 50%
44 Defense
1 - 0% - 50%
2 - 0% - 50%
Last Minute Offensive  - 0:00
Last Minute Defensive  - 0:00
Total
Forward - 60:00
Defense - 60:00

Play by Play

1st period


0:01 of 1st period - Jack Eichel wins face-off versus Ryan Johansen in neutral zone.
0:27 of 1st period - Calle Jarnkrok is hit by Mathieu Perreault and loses puck.
1:34 of 1st period - Wrist shot by Jack Roslovic.
1:34 of 1st period - Shot Misses the Net.
1:36 of 1st period - Wrist shot by Adam Lowry.
1:36 of 1st period - Stopped by Pekka Rinne with a rebound.
1:52 of 1st period - Evander Kane is hit by Roman Josi and loses puck.
1:57 of 1st period - Snap shot by Joe Thornton.
1:57 of 1st period - Shot Blocked by Josh Morrissey.
2:47 of 1st period - Jack Eichel is hit by Kyle Quincey and loses puck.
3:00 of 1st period - Roman Josi is hit by Mathieu Perreault.
3:20 of 1st period - Kyle Turris is hit by Scott Hartnell and loses puck.
3:33 of 1st period - Phillip Danault is hit by Mike Fisher and loses puck.
4:16 of 1st period - Roman Josi is hit by Jack Eichel and loses puck.
4:41 of 1st period - Snap shot by Roman Josi.
4:41 of 1st period - Shot Misses the Net.
4:43 of 1st period - Snap shot by Scott Hartnell.
4:43 of 1st period - Stopped by Connor Hellebuyck with a rebound.
4:45 of 1st period - Snap shot by Colton Sissons.
4:45 of 1st period - Shot Misses the Net.
4:47 of 1st period - Slapshot by Roman Josi.
4:47 of 1st period - Shot Misses the Net.
4:49 of 1st period - Wrist shot by Colton Sissons.
4:49 of 1st period - Shot Misses the Net.
4:59 of 1st period - Mike Fisher is hit by Adam Lowry and loses puck.
5:25 of 1st period - Snap shot by Filip Forsberg.
5:25 of 1st period - Shot Misses the Net.
5:58 of 1st period - Dustin Byfuglien is hit by Scott Hartnell and loses puck.
6:20 of 1st period - Icing by Josh Morrissey.
6:21 of 1st period - Jack Eichel wins face-off versus Joe Thornton in Winnipeg Jets zone.
6:30 of 1st period - Slapshot by Kevin Fiala.
6:30 of 1st period - Shot Blocked by Jack Eichel.
6:48 of 1st period - Calle Jarnkrok is hit by Jack Eichel and loses puck.
7:09 of 1st period - Slapshot by Evander Kane.
7:09 of 1st period - Shot Hit the Post.
7:41 of 1st period - Snap shot by Jack Eichel.
7:41 of 1st period - Goal by Jack Eichel - Winnipeg Jets : 1 - Nashville Predators : 0.
7:42 of 1st period - Mathieu Perreault wins face-off versus Colton Sissons in neutral zone.
8:18 of 1st period - Slapshot by Shayne Gostisbehere.
8:18 of 1st period - Stopped by Pekka Rinne without a rebound.
8:19 of 1st period - Adam Lowry wins face-off versus Colton Sissons in Nashville Predators zone.
8:44 of 1st period - Colton Sissons is hit by Patrik Laine and loses puck.
8:53 of 1st period - Wrist shot by Scott Hartnell.
8:53 of 1st period - Stopped by Connor Hellebuyck with a rebound.
9:02 of 1st period - Minor Penalty to Mathieu Perreault for Holding.
9:03 of 1st period - Ryan Johansen wins face-off versus Adam Lowry in Winnipeg Jets zone.
9:05 of 1st period - Snap shot by Cam Atkinson.
9:05 of 1st period - Deflect By Filip Forsberg.
9:05 of 1st period - Shot Misses the Net.
9:05 of 1st period - Puck is out of play.
9:06 of 1st period - Adam Lowry wins face-off versus Filip Forsberg in Winnipeg Jets zone.
9:21 of 1st period - Snap shot by Filip Forsberg.
9:21 of 1st period - Shot Misses the Net.
10:21 of 1st period - Cam Atkinson is hit by Jack Eichel and loses puck.
11:02 of 1st period - Penalty to Mathieu Perreault is over, Mathieu Perreault is back on ice.
11:02 of 1st period - Dustin Byfuglien is hit by Matt Irwin and loses puck.
11:16 of 1st period - Minor Penalty to Colton Sissons for Hooking.
11:17 of 1st period - Mike Fisher wins face-off versus Jack Eichel in Nashville Predators zone.
11:28 of 1st period - Mike Fisher is hit by Patrik Laine and loses puck.
13:16 of 1st period - Penalty to Colton Sissons is over, Colton Sissons is back on ice.
13:39 of 1st period - Andrew Copp is hit by Colin Wilson and loses puck.
13:58 of 1st period - Wrist shot by Adam Lowry.
13:58 of 1st period - Shot Misses the Net.
14:36 of 1st period - Colton Sissons is hit by Josh Morrissey and loses puck.
15:05 of 1st period - Icing by Kyle Quincey.
15:06 of 1st period - Joe Thornton wins face-off versus Mathieu Perreault in Nashville Predators zone.
15:06 of 1st period - Joe Thornton is hit by Patrik Laine.
15:32 of 1st period - Snap shot by Jack Eichel.
15:32 of 1st period - Shot Misses the Net.
15:48 of 1st period - Wrist shot by Ryan Johansen.
15:48 of 1st period - Shot Blocked by Ben Chiarot.
15:50 of 1st period - Wrist shot by Cam Atkinson.
15:50 of 1st period - Stopped by Connor Hellebuyck without a rebound.
15:51 of 1st period - Ryan Johansen wins face-off versus Kyle Turris in Winnipeg Jets zone.
15:54 of 1st period - Snap shot by Filip Forsberg.
15:54 of 1st period - Shot Misses the Net.
16:04 of 1st period - Wrist shot by Ryan Johansen.
16:04 of 1st period - Stopped by Connor Hellebuyck with a rebound.
16:06 of 1st period - Slapshot by Roman Josi.
16:06 of 1st period - Shot Misses the Net.
16:16 of 1st period - Matt Irwin is hit by Josh Morrissey and loses puck.
16:23 of 1st period - Wrist shot by Nikolaj Ehlers.
16:23 of 1st period - Shot Blocked by Roman Josi.
16:35 of 1st period - Nikolaj Ehlers is hit by Kevin Fiala and loses puck.
16:42 of 1st period - Wrist shot by Calle Jarnkrok.
16:42 of 1st period - Stopped by Connor Hellebuyck without a rebound.
16:43 of 1st period - Kyle Turris wins face-off versus Ryan Johansen in Winnipeg Jets zone.
16:43 of 1st period - Kyle Turris is hit by Ryan Johansen.
16:55 of 1st period - Snap shot by Cam Atkinson.
16:55 of 1st period - Stopped by Connor Hellebuyck with a rebound.
16:57 of 1st period - Wrist shot by Filip Forsberg.
16:57 of 1st period - Stopped by Connor Hellebuyck without a rebound.
16:58 of 1st period - Colton Sissons wins face-off versus Blake Wheeler in Winnipeg Jets zone.
17:09 of 1st period - Snap shot by Jack Eichel.
17:09 of 1st period - Stopped by Pekka Rinne without a rebound.
17:10 of 1st period - Kyle Turris wins face-off versus Ryan Johansen in Nashville Predators zone.
17:25 of 1st period - Wrist shot by Phillip Danault.
17:25 of 1st period - Stopped by Pekka Rinne without a rebound.
17:26 of 1st period - Patrik Laine wins face-off versus Colton Sissons in Nashville Predators zone.
17:31 of 1st period - Snap shot by Nikolaj Ehlers.
17:31 of 1st period - Deflect By Mathieu Perreault.
17:31 of 1st period - Stopped by Pekka Rinne without a rebound.
17:32 of 1st period - Mathieu Perreault wins face-off versus Colton Sissons in Nashville Predators zone.
18:18 of 1st period - Snap shot by Adam Lowry.
18:18 of 1st period - Shot Blocked by Mattias Ekholm.
18:24 of 1st period - Snap shot by Andrew Copp.
18:24 of 1st period - Shot Blocked by Filip Forsberg.
18:46 of 1st period - Slapshot by Jack Eichel.
18:46 of 1st period - Goal by Jack Eichel - Winnipeg Jets : 2 - Nashville Predators : 0.
18:47 of 1st period - Mike Fisher wins face-off versus Kyle Turris in neutral zone.
18:50 of 1st period - Wrist shot by Craig Smith.
18:50 of 1st period - Shot Misses the Net.
18:56 of 1st period - Slapshot by Shayne Gostisbehere.
18:56 of 1st period - Shot Misses the Net.
18:58 of 1st period - Snap shot by Phillip Danault.
18:58 of 1st period - Shot Misses the Net.
19:19 of 1st period - Slapshot by Dustin Byfuglien.
19:19 of 1st period - Shot Blocked by Roman Josi.
19:40 of 1st period - Snap shot by Colin Wilson.
19:40 of 1st period - Stopped by Connor Hellebuyck with a rebound.
19:42 of 1st period - Snap shot by Colin Wilson.
19:42 of 1st period - Shot Misses the Net.
19:44 of 1st period - Wrist shot by Colin Wilson.
19:44 of 1st period - Shot Misses the Net.
Goals for this period are 2 for Winnipeg Jets vs 0 for Nashville Predators.
Shots for this period are 7 for Winnipeg Jets vs 8 for Nashville Predators.

2nd period


0:01 of 2nd period - Kyle Turris wins face-off versus Joe Thornton in neutral zone.
0:04 of 2nd period - Roman Josi is hit by Martin Frk and loses puck.
0:27 of 2nd period - Josh Morrissey is hit by Austin Watson and loses puck.
0:50 of 2nd period - Snap shot by Jack Eichel.
0:50 of 2nd period - Stopped by Pekka Rinne without a rebound.
0:51 of 2nd period - Jack Eichel wins face-off versus Joe Thornton in Nashville Predators zone.
1:16 of 2nd period - Kyle Quincey is hit by Martin Frk and loses puck.
1:27 of 2nd period - Snap shot by Kyle Turris.
1:27 of 2nd period - Stopped by Pekka Rinne with a rebound.
1:39 of 2nd period - Snap shot by Craig Smith.
1:39 of 2nd period - Shot Misses the Net.
1:45 of 2nd period - Austin Watson is hit by Marc Methot and loses puck.
2:02 of 2nd period - Josh Morrissey is hit by Colton Sissons and loses puck.
2:17 of 2nd period - Snap shot by Joe Thornton.
2:17 of 2nd period - Shot Misses the Net.
2:19 of 2nd period - Snap shot by Calle Jarnkrok.
2:19 of 2nd period - Stopped by Connor Hellebuyck without a rebound.
2:20 of 2nd period - Joe Thornton wins face-off versus Jack Eichel in Winnipeg Jets zone.
2:35 of 2nd period - Jacob Trouba is hit by Shea Weber and loses puck.
2:44 of 2nd period - Shea Weber is hit by Jack Eichel and loses puck.
3:09 of 2nd period - Dustin Byfuglien is hit by Joe Thornton and loses puck.
3:31 of 2nd period - Icing by Dustin Byfuglien.
3:32 of 2nd period - Ryan Johansen wins face-off versus Jack Eichel in Winnipeg Jets zone.
3:59 of 2nd period - Colin Wilson is hit by Dustin Byfuglien and loses puck.
4:06 of 2nd period - Kyle Turris is hit by Colton Sissons and loses puck.
4:17 of 2nd period - Nikolaj Ehlers is hit by Mike Fisher and loses puck.
4:22 of 2nd period - Slapshot by Craig Smith.
4:22 of 2nd period - Shot Misses the Net.
4:24 of 2nd period - Snap shot by Craig Smith.
4:24 of 2nd period - Stopped by Connor Hellebuyck without a rebound.
4:25 of 2nd period - Cam Atkinson wins face-off versus Mathieu Perreault in Winnipeg Jets zone.
4:31 of 2nd period - Off-side.
4:32 of 2nd period - Ryan Johansen wins face-off versus Mathieu Perreault in neutral zone.
4:35 of 2nd period - Snap shot by Filip Forsberg.
4:35 of 2nd period - Shot Misses the Net.
4:37 of 2nd period - Snap shot by Ryan Johansen.
4:37 of 2nd period - Stopped by Connor Hellebuyck with a rebound.
4:39 of 2nd period - Slapshot by Roman Josi.
4:39 of 2nd period - Stopped by Connor Hellebuyck with a rebound.
5:01 of 2nd period - Slapshot by Andrew Copp.
5:01 of 2nd period - Deflect By Adam Lowry.
5:01 of 2nd period - Shot Misses the Net.
5:01 of 2nd period - Puck is out of play.
5:02 of 2nd period - Adam Lowry wins face-off versus Colton Sissons in Nashville Predators zone.
5:21 of 2nd period - Andrew Copp is hit by Colton Sissons and loses puck.
7:22 of 2nd period - Snap shot by Jack Eichel.
7:22 of 2nd period - Deflect By Blake Wheeler.
7:22 of 2nd period - Shot Blocked by Roman Josi.
7:22 of 2nd period - Puck is out of play.
7:23 of 2nd period - Kyle Turris wins face-off versus Mike Fisher in Nashville Predators zone.
7:24 of 2nd period - Snap shot by Phillip Danault.
7:24 of 2nd period - Stopped by Pekka Rinne with a rebound.
7:37 of 2nd period - Snap shot by Phillip Danault.
7:37 of 2nd period - Shot Misses the Net.
8:13 of 2nd period - Snap shot by Adam Lowry.
8:13 of 2nd period - Stopped by Pekka Rinne without a rebound.
8:14 of 2nd period - Adam Lowry wins face-off versus Ryan Johansen in Nashville Predators zone.
9:28 of 2nd period - Wrist shot by Evander Kane.
9:28 of 2nd period - Shot Misses the Net.
9:30 of 2nd period - Slapshot by Jack Eichel.
9:30 of 2nd period - Deflect By Evander Kane.
9:30 of 2nd period - Stopped by Pekka Rinne without a rebound.
9:31 of 2nd period - Mike Fisher wins face-off versus Kyle Turris in Nashville Predators zone.
9:56 of 2nd period - Mathieu Perreault is hit by Yannick Weber and loses puck.
10:25 of 2nd period - Off-side.
10:26 of 2nd period - Kyle Turris wins face-off versus Ryan Johansen in neutral zone.
10:51 of 2nd period - Shayne Gostisbehere is hit by Kyle Quincey and loses puck.
11:07 of 2nd period - Icing by Calle Jarnkrok.
11:08 of 2nd period - Colton Sissons wins face-off versus Jack Eichel in Nashville Predators zone.
11:08 of 2nd period - Colton Sissons is hit by Evander Kane.
12:00 of 2nd period - Snap shot by Adam Lowry.
12:00 of 2nd period - Deflect By Shea Weber.
12:00 of 2nd period - Shot Blocked by Shea Weber.
12:00 of 2nd period - Puck is out of play.
12:01 of 2nd period - Ryan Johansen wins face-off versus Adam Lowry in Nashville Predators zone.
12:06 of 2nd period - Slapshot by Roman Josi.
12:06 of 2nd period - Deflect By Josh Morrissey.
12:06 of 2nd period - Stopped by Connor Hellebuyck without a rebound.
12:07 of 2nd period - Mathieu Perreault wins face-off versus Ryan Johansen in Winnipeg Jets zone.
12:17 of 2nd period - Wrist shot by Filip Forsberg.
12:17 of 2nd period - Stopped by Connor Hellebuyck with a rebound.
12:19 of 2nd period - Snap shot by Ryan Johansen.
12:19 of 2nd period - Shot Misses the Net.
12:21 of 2nd period - Slapshot by Matt Irwin.
12:21 of 2nd period - Shot Blocked by Josh Morrissey.
12:23 of 2nd period - Slapshot by Filip Forsberg.
12:23 of 2nd period - Shot Blocked by Patrik Laine.
12:41 of 2nd period - Wrist shot by Kyle Turris.
12:41 of 2nd period - Goal by Kyle Turris - Winnipeg Jets : 3 - Nashville Predators : 0.
12:42 of 2nd period - Mathieu Perreault wins face-off versus Colton Sissons in neutral zone.
12:45 of 2nd period - Slapshot by Shayne Gostisbehere.
12:45 of 2nd period - Stopped by Pekka Rinne without a rebound.
12:46 of 2nd period - Mathieu Perreault wins face-off versus Colton Sissons in Nashville Predators zone.
13:22 of 2nd period - Snap shot by Shea Weber.
13:22 of 2nd period - Shot Misses the Net.
13:24 of 2nd period - Slapshot by Mattias Ekholm.
13:24 of 2nd period - Stopped by Connor Hellebuyck without a rebound.
13:25 of 2nd period - Ryan Johansen wins face-off versus Jack Eichel in Winnipeg Jets zone.
13:28 of 2nd period - Snap shot by Cam Atkinson.
13:28 of 2nd period - Stopped by Connor Hellebuyck with a rebound.
13:38 of 2nd period - Snap shot by Ryan Johansen.
13:38 of 2nd period - Stopped by Connor Hellebuyck with a rebound.
13:40 of 2nd period - Wrist shot by Cam Atkinson.
13:40 of 2nd period - Stopped by Connor Hellebuyck with a rebound.
14:12 of 2nd period - Slapshot by Dustin Byfuglien.
14:12 of 2nd period - Stopped by Pekka Rinne with a rebound.
14:14 of 2nd period - Snap shot by Patrik Laine.
14:14 of 2nd period - Stopped by Pekka Rinne with a rebound.
14:16 of 2nd period - Snap shot by Mathieu Perreault.
14:16 of 2nd period - Shot Blocked by Yannick Weber.
14:18 of 2nd period - Snap shot by Nikolaj Ehlers.
14:18 of 2nd period - Deflect By Patrik Laine.
14:18 of 2nd period - Stopped by Pekka Rinne with a rebound.
14:32 of 2nd period - Slapshot by Kyle Quincey.
14:32 of 2nd period - Stopped by Connor Hellebuyck with a rebound.
14:40 of 2nd period - Wrist shot by Adam Lowry.
14:40 of 2nd period - Shot Misses the Net.
15:20 of 2nd period - Slapshot by Nikolaj Ehlers.
15:20 of 2nd period - Shot Blocked by Shea Weber.
15:22 of 2nd period - Snap shot by Josh Morrissey.
15:22 of 2nd period - Shot Blocked by Mattias Ekholm.
15:29 of 2nd period - Icing by Mattias Ekholm.
15:30 of 2nd period - Mike Fisher wins face-off versus Jack Eichel in Nashville Predators zone.
15:30 of 2nd period - Mike Fisher is hit by Marc Methot.
15:58 of 2nd period - Snap shot by Joe Thornton.
15:58 of 2nd period - Shot Misses the Net.
16:04 of 2nd period - Snap shot by Mathieu Perreault.
16:04 of 2nd period - Goal by Mathieu Perreault - Winnipeg Jets : 4 - Nashville Predators : 0.
16:04 of 2nd period - Juuse Saros enters game.
16:05 of 2nd period - Ryan Johansen wins face-off versus Jack Eichel in neutral zone.
16:14 of 2nd period - Matt Irwin is hit by Ben Chiarot and loses puck.
16:36 of 2nd period - Wrist shot by Kyle Turris.
16:36 of 2nd period - Shot Misses the Net.
17:33 of 2nd period - Snap shot by Blake Wheeler.
17:33 of 2nd period - Stopped by Juuse Saros without a rebound.
17:34 of 2nd period - Jack Eichel wins face-off versus Ryan Johansen in Nashville Predators zone.
17:58 of 2nd period - Marc Methot is hit by Filip Forsberg and loses puck.
18:05 of 2nd period - Snap shot by Filip Forsberg.
18:05 of 2nd period - Goal by Filip Forsberg - Winnipeg Jets : 4 - Nashville Predators : 1.
18:06 of 2nd period - Joe Thornton wins face-off versus Kyle Turris in neutral zone.
18:23 of 2nd period - Shayne Gostisbehere is hit by Matt Irwin and loses puck.
18:36 of 2nd period - Scott Hartnell is hit by Josh Morrissey.
18:58 of 2nd period - Snap shot by Craig Smith.
18:58 of 2nd period - Shot Blocked by Shayne Gostisbehere.
19:00 of 2nd period - Snap shot by Craig Smith.
19:00 of 2nd period - Stopped by Connor Hellebuyck without a rebound.
19:01 of 2nd period - Mike Fisher wins face-off versus Blake Wheeler in Winnipeg Jets zone.
19:02 of 2nd period - Snap shot by Craig Smith.
19:02 of 2nd period - Stopped by Connor Hellebuyck without a rebound.
19:03 of 2nd period - Mike Fisher wins face-off versus Jack Eichel in Winnipeg Jets zone.
19:06 of 2nd period - Wrist shot by Mike Fisher.
19:06 of 2nd period - Shot Blocked by Marc Methot.
19:08 of 2nd period - Backhand shot by Austin Watson.
19:08 of 2nd period - Deflect By Craig Smith.
19:08 of 2nd period - Shot Misses the Net.
19:08 of 2nd period - Puck is out of play.
19:09 of 2nd period - Joe Thornton wins face-off versus Jack Eichel in Winnipeg Jets zone.
19:36 of 2nd period - Snap shot by Kyle Turris.
19:36 of 2nd period - Stopped by Juuse Saros with a rebound.
19:38 of 2nd period - Snap shot by Phillip Danault.
19:38 of 2nd period - Goal by Phillip Danault - Winnipeg Jets : 5 - Nashville Predators : 1.
19:39 of 2nd period - Ryan Johansen wins face-off versus Kyle Turris in neutral zone.
19:52 of 2nd period - Wrist shot by Ryan Johansen.
19:52 of 2nd period - Deflect By Filip Forsberg.
19:52 of 2nd period - Shot Blocked by Josh Morrissey.
19:52 of 2nd period - Puck is out of play.
19:53 of 2nd period - Joe Thornton wins face-off versus Mathieu Perreault in Winnipeg Jets zone.
19:54 of 2nd period - Snap shot by Kevin Fiala.
19:54 of 2nd period - Deflect By Calle Jarnkrok.
19:54 of 2nd period - Stopped by Connor Hellebuyck with a rebound.
Goals for this period are 3 for Winnipeg Jets vs 1 for Nashville Predators.
Shots for this period are 14 for Winnipeg Jets vs 15 for Nashville Predators.

3rd period


0:01 of 3rd period - Colton Sissons wins face-off versus Mathieu Perreault in neutral zone.
0:08 of 3rd period - Colton Sissons is hit by Patrik Laine and loses puck.
0:15 of 3rd period - Slapshot by Nikolaj Ehlers.
0:15 of 3rd period - Shot Blocked by Scott Hartnell.
0:36 of 3rd period - Snap shot by Jack Roslovic.
0:36 of 3rd period - Stopped by Juuse Saros with a rebound.
0:50 of 3rd period - Filip Forsberg is hit by Phillip Danault and loses puck.
1:21 of 3rd period - Kyle Quincey is hit by Martin Frk and loses puck.
1:52 of 3rd period - Snap shot by Ryan Johansen.
1:52 of 3rd period - Shot Misses the Net.
1:54 of 3rd period - Wrist shot by Cam Atkinson.
1:54 of 3rd period - Stopped by Connor Hellebuyck without a rebound.
1:55 of 3rd period - Jack Eichel wins face-off versus Joe Thornton in Winnipeg Jets zone.
2:08 of 3rd period - Joe Thornton is hit by Ben Chiarot and loses puck.
2:25 of 3rd period - Shayne Gostisbehere is hit by Scott Hartnell and loses puck.
2:49 of 3rd period - Ben Chiarot is hit by Scott Hartnell and loses puck.
4:22 of 3rd period - Scott Hartnell is hit by Jack Eichel and loses puck.
4:30 of 3rd period - Colin Wilson is hit by Evander Kane and loses puck.
4:39 of 3rd period - Slapshot by Evander Kane.
4:39 of 3rd period - Stopped by Juuse Saros without a rebound.
4:40 of 3rd period - Mathieu Perreault wins face-off versus Joe Thornton in Nashville Predators zone.
4:41 of 3rd period - Snap shot by Patrik Laine.
4:41 of 3rd period - Shot Blocked by Shea Weber.
4:47 of 3rd period - Slapshot by Kevin Fiala.
4:47 of 3rd period - Deflect By Patrik Laine.
4:47 of 3rd period - Stopped by Connor Hellebuyck with a rebound.
4:51 of 3rd period - Wrist shot by Joe Thornton.
4:51 of 3rd period - Stopped by Connor Hellebuyck with a rebound.
4:53 of 3rd period - Wrist shot by Kevin Fiala.
4:53 of 3rd period - Shot Misses the Net.
5:15 of 3rd period - Slapshot by Adam Lowry.
5:15 of 3rd period - Shot Misses the Net.
5:30 of 3rd period - Yannick Weber is hit by Phillip Danault.
5:34 of 3rd period - Snap shot by Cam Atkinson.
5:34 of 3rd period - Shot Blocked by Marc Methot.
5:36 of 3rd period - Snap shot by Filip Forsberg.
5:36 of 3rd period - Shot Blocked by Martin Frk.
5:53 of 3rd period - Jacob Trouba is hit by Kyle Quincey and loses puck.
6:04 of 3rd period - Andrew Copp is hit by Austin Watson and loses puck.
6:36 of 3rd period - Shea Weber is hit by Adam Lowry and loses puck.
7:18 of 3rd period - Kyle Quincey is hit by Mathieu Perreault and loses puck.
9:01 of 3rd period - Filip Forsberg is hit by Ben Chiarot and loses puck.
10:22 of 3rd period - Filip Forsberg is hit by Jacob Trouba and loses puck.
10:45 of 3rd period - Cam Atkinson is hit by Ben Chiarot and loses puck.
11:13 of 3rd period - Icing by Jack Eichel.
11:14 of 3rd period - Mike Fisher wins face-off versus Blake Wheeler in Winnipeg Jets zone.
11:41 of 3rd period - Ben Chiarot is hit by Austin Watson and loses puck.
11:56 of 3rd period - Kyle Turris is hit by Matt Irwin.
12:24 of 3rd period - Jack Eichel is hit by Kyle Quincey and loses puck.
13:31 of 3rd period - Nikolaj Ehlers is hit by Kevin Fiala.
13:46 of 3rd period - Roman Josi is hit by Marc Methot and loses puck.
13:57 of 3rd period - Jack Eichel is hit by Austin Watson and loses puck.
14:56 of 3rd period - Dustin Byfuglien is hit by Cam Atkinson and loses puck.
15:07 of 3rd period - Dustin Byfuglien is hit by Mike Fisher and loses puck.
15:28 of 3rd period - Jack Roslovic is hit by Ryan Johansen and loses puck.
15:47 of 3rd period - Kyle Turris is hit by Scott Hartnell and loses puck.
16:02 of 3rd period - Mathieu Perreault is hit by Mattias Ekholm and loses puck.
16:15 of 3rd period - Marc Methot is hit by Austin Watson and loses puck.
18:14 of 3rd period - Shea Weber is hit by Kyle Turris.
18:24 of 3rd period - Patrik Laine is hit by Mattias Ekholm and loses puck.
19:28 of 3rd period - Patrik Laine is hit by Scott Hartnell and loses puck.
19:39 of 3rd period - Shayne Gostisbehere is hit by Mike Fisher.
19:51 of 3rd period - Mattias Ekholm is hit by Adam Lowry and loses puck.
Goals for this period are 0 for Winnipeg Jets vs 0 for Nashville Predators.
Shots for this period are 2 for Winnipeg Jets vs 3 for Nashville Predators.